 Dungeon Crawl Stone Soup version 0.29.1-1-gd02db6906a (webtiles) character file.

Game seed: 4972403713221620863

1631 raistware the Thaumaturge (level 8, -6/48 HPs)
             Began as an Octopode Conjurer on Sept 16, 2022.
             Was an Initiate of Vehumet.
             Mangled by a bullfrog (9 damage)
             ... on level 6 of the Dungeon.
             The game lasted 00:12:58 (7123 turns).

raistware the Thaumaturge (Octopode Conjurer)       Turns: 7123, Time: 00:12:59

Health: -6/48      AC:  1    Str:  6    XL:     8   Next: 98%
Magic:  1/20       EV: 14    Int: 29    God:    Vehumet [......]
Gold:   313        SH:  0    Dex: 16    Spells: 18/23 levels left

rFire   . . .      SeeInvis +   b - +4 flail
rCold   + . .      Faith    .   (no shield)
rNeg    . . .      Spirit   .   (helmet restricted)
rPois   .          Reflect  .   (no amulet)
rElec   .          Harm     .   n - ring of protection from cold
rCorr   .          Rampage  .   r - +6 ring of dexterity
Will    .....                   u - +6 ring of intelligence
Stlth   +++.......              w - ring of see invisible
HPRegen 0.16/turn               (no ring)
MPRegen 0.17/turn               (no ring)
                                (no ring)
                                (no ring)

@: no status effects
A: almost no armour, amphibious, 8 rings, camouflage 1, gelatinous body 1,
(nimble swimmer 1), tentacles
a: Renounce Religion


You were on level 6 of the Dungeon.
You worshipped Vehumet.
Vehumet was noncommittal.
You visited 2 branches of the dungeon, and saw 10 of its levels.

You collected 313 gold pieces.

Inventory:

Hand Weapons
 b - a +4 flail (weapon)
Missiles
 g - 5 curare-tipped darts
Armour
 v - an orb of guile
Jewellery
 n - a ring of protection from cold (left tentacle)
 r - a +6 ring of dexterity (right tentacle)
 u - a +6 ring of intelligence (on tentacle)
 w - a ring of see invisible (on tentacle)
Wands
 q - a wand of flame (21)
Scrolls
 d - a scroll of vulnerability
 k - 3 scrolls of amnesia
 l - a scroll of blinking
 m - 7 scrolls of teleportation
 s - 2 scrolls of magic mapping
 x - a scroll of noise {unknown}
 y - a scroll of summoning {unknown}
Potions
 a - a potion of magic
 c - a potion of cancellation {unknown}
 e - a potion of haste {unknown}
 f - a potion of invisibility {unknown}
 h - a potion of heal wounds
 i - 2 potions of curing
 j - 2 potions of ambrosia
 o - a potion of mutation {unknown}
 p - a potion of lignification {unknown}
 t - a potion of flight {unknown}


   Skills:
 - Level 1.0 Fighting
 - Level 3.0 Dodging
 - Level 3.0 Stealth
 - Level 8.0 Spellcasting
 + Level 7.2 Conjurations
 - Level 2.0 Translocations
 - Level 1.0 Evocations


You had 18 spell levels left.
You knew the following spells:

 Your Spells              Type           Power      Damage    Failure   Level
a - Magic Dart            Conj           100%       1d8       1%          1
b - Iskenderun's Mystic   Conj/Tloc      38%        2d9       7%          4

Your spell library contained the following spells:

 Spells                   Type           Power      Damage    Failure   Level
 Searing Ray              Conj           100%       2d8       1%          2
 Dazzling Flash           Conj/Hex       64%        N/A       3%          3
 Fulminant Prism          Conj/Hex       16%        3d11      11%         4


Dungeon Overview and Level Annotations

Branches:
Dungeon (9/15)             Temple (1/1) D:4
   Lair: D:8-11         Orc: D:9-12

Altars:
Cheibriados
Dithmenos
Fedhas
Hepliaklqana
Makhleb
Nemelex Xobeh
Sif Muna
Uskayaw
Vehumet
Xom
Yredelemnul
Zin
The Shining One

Annotations:
D:5 2 transporters, p0werm0de's ghost, novice GnAM
D:6 Prince Ribbit
D:7 Hyawatha's ghost, novice MiBe


Innate Abilities, Weirdness & Mutations

You cannot wear most types of armour.
You are amphibious.
You can wear up to eight rings at the same time.
Your skin changes colour to match your surroundings (Stealth+).
Your rubbery body absorbs attacks. (AC +1, EV +1)
((You are camouflaged when in or above water. (Stealth+)))
You have tentacles for arms and can constrict up to eight enemies at once.


Message History

You constrict the orc, but do no damage.
The orc barely misses you. The orc closely misses you.
You hit the orc but do no damage.
The orc is moderately wounded.
You constrict the orc.
You kill the orc!
Vehumet accepts your kill.
A bullfrog comes into view.
Casting: Iskenderun's Mystic Blast (dangerous; 7% risk of failure)
Confirm with . or Enter, or press ? or * to list all spells.
You erupt in a blast of force!
The mystic blast hits the orc.
You kill the orc!
Vehumet accepts your kill.
The mystic blast hits Prince Ribbit.
Prince Ribbit is heavily wounded.
Prince Ribbit is knocked back by the mystic blast.
Prince Ribbit slams into the rock wall!
Prince Ribbit is severely wounded.
The mystic blast hits the orc!
You kill the orc!
Vehumet accepts your kill.
The bullfrog croaks.
Prince Ribbit hits you.
Unknown command.
Unknown command.
Unknown command.
Aiming: Throw Flame
Press: ? - help, Shift-Dir - straight line, f - Prince Ribbit
Aim: Prince Ribbit (severely wounded, 45% to hit)
The puff of flame hits Prince Ribbit!
Prince Ribbit is almost dead.
Prince Ribbit hits you! The bullfrog closely misses you.
Unknown command.
Aiming: Throw Flame
Press: ? - help, Shift-Dir - straight line, f/p - Prince Ribbit
Aim: Prince Ribbit (almost dead, 45% to hit)
The puff of flame misses Prince Ribbit.
Prince Ribbit hits you!
* * * LOW HITPOINT WARNING * * *
The bullfrog hits you!
You die...

...#...........#.#
.......>.......#.#
.................#
.........#.###...#
...###.#....<....#
.. #.#........## .
#........#.#
#####......#
#...@###
#?)F#F).....
###.#)......
#......###
#......# #....#.#
.....#.. #....# ##


You could see Prince Ribbit and a bullfrog.

Vanquished Creatures
  Sigmund (D:2)
  A water moccasin (D:5)
  2 black bears
  2 sky beasts
  An ice beast (D:9)
  An ogre (D:5)
  A phantom (D:5)
  A kobold brigand (D:6)
  A bullfrog (D:5)
  2 scorpions
  An orc priest (D:5)
  4 hounds
  Natasha (thrice) (D:2)
  2 iguanas
  An orc wizard (D:5)
  2 gnolls (D:8)
  7 adders
  3 ufetubi
  3 dart slugs
  18 orcs
  7 ball pythons
  5 bats
  4 endoplasms
  A giant cockroach (D:4)
  6 goblins
  6 hobgoblins
  7 jackals (D:2)
  2 frilled lizards (D:1)
  11 kobolds
  8 rats
114 creatures vanquished.

Notes
Turn   | Place    | Note
-------+----------+-------------------------------------------
     0 | D:1      | raistware the Octopode Conjurer began the quest for the
                  | Orb.
     0 | D:1      | Reached XP level 1. HP: 11/11 MP: 3/3
   477 | D:1      | Reached XP level 2. HP: 17/17 MP: 2/5
   752 | D:1      | Found a faded altar of an unknown god.
   859 | D:1      | Reached skill level 3 in Spellcasting
  1188 | D:2      | Noticed Natasha
  1196 | D:2      | Killed Natasha
  1197 | D:2      | Reached XP level 3. HP: 16/21 MP: 2/8
  1428 | D:2      | Reached XP level 4. HP: 9/27 MP: 7/9
  1456 | D:2      | Reached skill level 4 in Spellcasting
  1598 | D:2      | Learned a level 4 spell: Iskenderun's Mystic Blast
  1726 | D:2      | Noticed Natasha
  1734 | D:2      | Killed Natasha
  1735 | D:2      | Reached skill level 1 in Translocations
  1823 | D:2      | Noticed Sigmund
  2238 | D:2      | Noticed Natasha
  2242 | D:2      | Killed Natasha
  2243 | D:2      | Reached XP level 5. HP: 31/31 MP: 11/11
  2254 | D:2      | Killed Sigmund
  2255 | D:2      | Reached skill level 5 in Spellcasting
  2255 | D:2      | Reached XP level 6. HP: 36/36 MP: 10/14
  3706 | D:4      | Found a hazy altar of Hepliaklqana.
  3726 | D:4      | Reached skill level 6 in Spellcasting
  3726 | D:4      | Reached skill level 1 in Evocations
  3930 | D:4      | Reached XP level 7. HP: 12/41 MP: 1/16
  4238 | D:4      | Found a staircase to the Ecumenical Temple.
  4247 | Temple   | Entered the Ecumenical Temple
  4299 | Temple   | Became a worshipper of Vehumet
  4665 | D:4      | Found a basalt altar of Yredelemnul.
  4825 | D:5      | Entered Level 5 of the Dungeon
  5268 | D:5      | Reached skill level 5 in Conjurations
  5556 | D:5      | Reached skill level 1 in Fighting
  5677 | D:5      | Reached XP level 8. HP: 48/48 MP: 13/17
  5784 | D:5      | Found a transporter.
  5784 | D:5      | Noticed p0werm0de's ghost (novice GnAM)
  5901 | D:5      | Found a transporter.
  6021 | D:5      | Reached skill level 7 in Spellcasting
  6631 | D:6      | You fall into a shaft and drop 3 floors!
  6658 | D:9      | Found a blossoming altar of Fedhas.
  6670 | D:9      | Reached skill level 8 in Spellcasting
  7044 | D:7      | Noticed Hyawatha's ghost (novice MiBe)
  7110 | D:6      | Noticed Prince Ribbit
  7123 | D:6      | Mangled by a bullfrog

Illustrated notes

Levels and vault maps discovered:
D:1:      lightli_arrival_statuegarden, layout_basic,
          shapermc_ecumenical_altar_mp_ritualfount, minmay_box_of_dots
D:2:      layout_loops_cross, uniq_natasha, uniq_sigmund
D:3:      layout_basic
D:4:      layout_basic, mainiacjoe_overflow_catwalk_spiral,
          minmay_temple_entry_statues_pillars
D:5:      layout_loops_cross, gammafunk_ghost_arena
D:6:      layout_basic, trog_butcher_becter, uniq_prince_ribbit1
D:7:      gammafunk_beogh_shrine, layout_basic,
          nicolae_wu_jian_immortal_techniques, nicolae_ru_the_path_less_chosen,
          hellmonk_ghost_happy_afterlife
D:8:      layout_basic, mainiacjoe_overflow_alcove_1,
          nicolae_kikubaaqudgha_miasma_corner
D:9:      layout_long_grid, mainiacjoe_overflow_boulevard, dpeg_oklobed_lair,
          serial_ice, serial_ice_i, serial_ice_e, serial_ice_g, serial_ice_c
Temple:   cyrus_temple_forest

Skill      XL: |  1  2  3  4  5  6  7  8 |
---------------+-------------------------+-----
Spellcasting   | 3 4 5 6 8 |  8.0
Translocations | 2 |  2.0
Evocations     | 1 |  1.0
Stealth        | 3 |  3.0
Conjurations   | 6 7 |  7.2
Dodging        | 3 |  3.0
Fighting       | 1 |  1.0

Action                   |  1- 3 |  4- 6 |  7- 9 || total
-------------------------+-------+-------+-------++-------
Melee: Flail             |    20 |    18 |    21 ||    59
       Constrict         |     5 |     5 |     3 ||    13
       Tentacles         |     5 |     4 |     2 ||    11
       Punch             |       |       |     1 ||     1
Throw: Dart              |       |     4 |       ||     4
 Cast: Magic Dart        |    39 |    93 |   115 ||   247
       Iskenderun's Myst |       |     1 |    15 ||    16
Evoke: Wand              |       |       |     6 ||     6
  Use: Scroll            |       |       |     8 ||     8
       Potion            |       |       |     1 ||     1
 Stab: Sleeping          |     2 |     1 |     2 ||     5
Armor: Skin              |     6 |     1 |     1 ||     8
Dodge: Dodged            |    23 |    28 |    35 ||    86
